AoeStats
← thankyouwalkoss

Arabia

503295381Analyzed
1v1 RM · 1mo ago on Aug 31, 2026· 37m 22s· 2 players
Game mode
Random Map
Map size
Tiny (2 player)
Population
200
Speed
Normal
Resources
Standard
Victory
Conquest
Starting age
Dark Age
Ending age
Imperial Age
RankedLock teamsTeams togetherTeam positionsShared explorationLock speedFull tech treeHidden civsTurbo modeCheats
Victory
Defeat
🇰🇬 Mongols · Kyrgyzstan
1093
+17
🇺🇸 Portuguese · United States
1108
-17
thankyouwalkoss
5:45 Loom
8:03 Feudal Age
8:50 Double-Bit Axe
11:21 Horse Collar
13:08 Gold Mining
14:02 Town Watch
20:35 Castle Age
19:32 Bloodlines
19:18 Stone Mining
22:07 Bow Saw
22:02 Heavy Plow
25:08 Stone Shaft Mining
25:13 Gold Shaft Mining
28:55 Nomads
29:07 Fletching
29:18 Padded Archer Armor
30:30 Bodkin Arrow
30:47 Husbandry
31:03 Leather Archer Armor
31:29 Wheelbarrow
31:19 Ballistics
33:39 Thumb Ring
36:07 Imperial Age
36:10 Hand Cart
35:58 Town Patrol
37:50 Drill
37:50 Conscription
36:51 Elite Mangudai
gqarias76
6:34 Loom
9:20 Feudal Age
9:51 Double-Bit Axe
18:06 Castle Age
16:29 Horse Collar
17:32 Fletching
18:08 Crossbowman
19:45 Bodkin Arrow
20:12 Gold Mining
22:06 Padded Archer Armor
24:52 Stone Mining
29:01 Wheelbarrow
29:39 Leather Archer Armor
30:08 Hand Cart
30:01 Heavy Plow
30:13 Scale Barding Armor
33:44 Chain Barding Armor
34:54 Forging
35:21 Bloodlines
35:18 Light Cavalry
Connection lost

Rejoining the realm…

Still unreachable

The connection could not be restored.

Session expired

The server has moved on; the page needs a fresh start.